 Dungeon Crawl Stone Soup version 0.30-a0-557-ge2afbf3030 (webtiles) character file.

Game seed: 14460507487511640872

12677 Dirtsage the Transmogrifier (level 11, -2/88 HPs)
             Began as an Octopode Transmuter on Dec 27, 2022.
             Was an Initiate of Gozag.
             Slain by a cane toad (3 damage)
             ... while petrified by a basilisk
             ... on level 2 of the Lair of Beasts.
             The game lasted 00:41:44 (12090 turns).

Dirtsage the Transmogrifier (Octopode Transmuter)  Turns: 12090, Time: 00:41:45

Health: -2/88      AC: 11    Str: 10    XL:     11   Next: 97%
Magic:  0/19       EV:  1    Int: 25    God:    Gozag
Gold:   850        SH:  0    Dex: 13    Spells: 7/20 levels left

rFire   x . .      SeeInvis .      - Unarmed
rCold   + + +      Faith    .    (shield currently unavailable)
rNeg    + + +      Spirit   +    (helmet currently unavailable)
rPois   ∞          Reflect  .    I - amulet of guardian spirit
rElec   .          Harm     .    f - +4 ring of evasion
rCorr   .          Rampage  .    E - +4 ring of evasion
Will    .....                    C - +6 ring of intelligence
Stlth   +                        (no ring)
HPRegen 0.34/turn                (no ring)
MPRegen 0.16/turn                (no ring)
                                 (no ring)
                                 (no ring)

@: ice-form (expiring), petrified
A: freezing attack, boosted hp, almost no armour, amphibious, 8 rings, large,
(camouflage 1), (gelatinous body 1), (nimble swimmer 1), (tentacles)
a: End Transformation, Renounce Religion, Potion Petition, Call Merchant, Bribe
Branch


You were on level 2 of the Lair of Beasts.
You worshipped Gozag.
Gozag was pleased with you.
You were a creature of crystalline ice.
You visited 3 branches of the dungeon, and saw 12 of its levels.
You also visited: Sewer and Ossuary.

You collected 1565 gold pieces.
You spent 142 gold pieces at shops.
You paid 573 gold pieces to Gozag.

Inventory:

Hand Weapons
 s - the +11 bardiche of the Warrior {freeze, rPois rC+ rN+ rCorr}
   (You found it on level 4 of the Dungeon)

   It freezes those it strikes, dealing additional cold damage.
   It can also slow down cold-blooded creatures.
   rC:        It protects you from cold.
   rPois:     It protects you from poison.
   rN:        It protects you from negative energy.
   rCorr:     It protects you from acid and corrosion.
Missiles
 J - 2 throwing nets
Magical Staves
 v - a staff of death
 w - a staff of air
 B - a staff of fire
Jewellery
 f - a +4 ring of evasion (left front paw)
 C - a +6 ring of intelligence (on tentacle)
 E - a +4 ring of evasion (right front paw)
 I - an amulet of guardian spirit (around neck)
 K - a ring of ice
Wands
 c - a wand of flame (14)
 A - a wand of charming (11)
 D - a wand of digging (8)
 M - a wand of iceblast (2)
Scrolls
 e - 3 scrolls of vulnerability
 g - 2 scrolls of magic mapping
 j - 2 scrolls of butterflies {unknown}
 k - 2 scrolls of enchant armour
 o - a scroll of torment
 p - 2 scrolls of noise {unknown}
 t - a scroll of teleportation
 y - 3 scrolls of poison
 z - 2 scrolls of enchant weapon
 L - a scroll of fog {unknown}
Potions
 a - a potion of cancellation
 b - a potion of berserk rage
 d - 2 potions of might
 h - 5 potions of haste
 i - a potion of heal wounds {unknown}
 l - 4 potions of magic
 m - a potion of invisibility
 n - a potion of resistance
 q - 2 potions of curing
 r - 5 potions of mutation
 u - 2 potions of attraction
 x - a potion of ambrosia
 F - a potion of lignification
 G - 3 potions of brilliance
Miscellaneous
 H - a phial of floods (inert)


   Skills:
 + Level 6.9 Fighting
 - Level 2.0 Dodging
 + Level 7.5 Unarmed Combat
 + Level 5.3 Spellcasting
 + Level 3.8 Hexes
 + Level 11.1 Transmutations
 - Level 7.0 Ice Magic
 * Level 6.7 Air Magic


You had 7 spell levels left.
You knew the following spells:

 Your Spells              Type           Power      Damage    Failure   Level
a - Beastly Appendage     Tmut           100%       N/A       1%          1
b - Wereblood             Tmut           58%        N/A       1%          2
c - Ice Form              Ice/Tmut       51%        N/A       1%          4
d - Tukima's Dance        Hex            26%        N/A       4%          3
A - Ozocubu's Armour      Ice            41%        N/A       1%          3

Your spell library contained the following spells:

 Spells                   Type           Power      Damage    Failure   Level
 Spider Form              Tmut/Pois      34%        N/A       2%          3
 Blade Hands              Tmut           29%        N/A       2%          5
 Poisonous Vapours        Pois/Air       46%        N/A       3%          2
 Cigotuvi's Dreadful Rot  Necr/Pois/Air  34%        N/A       4%          2
 Magic Dart               Conj           24%        1d4       8%          1
 Kindle Blastsparks       Fire/Tloc/Air  34%        2d12      10%         3
 Mephitic Cloud           Conj/Pois/Air  17%        N/A       10%         3
 Portal Projectile        Hex/Tloc       32%        N/A       11%         3
 Searing Ray              Conj           12%        2d4       12%         2
 Summon Lightning Spire   Summ/Air       23%        N/A       21%         4
 Gell's Gravitas          Tloc           6%         N/A       24%         3
 Teleport Other           Tloc           6%         N/A       24%         3
 Fulminant Prism          Conj/Hex       8%         3d6       34%         4
 Iskenderun's Mystic Bla  Conj/Tloc      6%         2d4       61%         4
 Storm Form               Tmut/Air       25%        N/A       86%         7
 Lee's Rapid Deconstruct  Erth           3%         3d5*      91%         5
 Ozocubu's Refrigeration  Ice            20%        4d12      98%         7
 Dispersal                Tloc           3%         N/A       100%        6
 Maxwell's Capacitive Co  Air            20%        ∞         100%        8


Dungeon Overview and Level Annotations

Branches:
Dungeon (9/15)             Temple (1/1) D:7            Lair (2/5) D:8
    Orc (0/2) D:9           Sewer (visited)         Ossuary (visited)
  Swamp: Lair:2-3    Shoals: Lair:2-3     Snake: Lair:2-3    Spider: Lair:2-3

Altars:
Ashenzari
Cheibriados
Dithmenos
Elyvilon
Fedhas
Gozag
Hepliaklqana
Kikubaaqudgha
Makhleb
Nemelex Xobeh
Okawaru
Qazlal
Ru
Sif Muna
Trog
Uskayaw
Vehumet
Wu Jian
Xom
Yredelemnul
Zin
The Shining One

Shops:
D:5 *   D:6 ([   Lair:1 *

Annotations:
D:4 Menkaure
D:6 1 runed translucent door, Crazy Yiuf
D:8 exclusion: 4 doors
Lair:1 2 transporters, Othiruos's ghost, journeyman DsCj


Innate Abilities, Weirdness & Mutations

You are a creature of crystalline ice.
You have a powerful freezing melee attack.
Your maximum health is increased.
You are immune to poison.
Your armour is entirely melded.
You are incapable of wielding weapons or throwing items.
You cannot wear most types of armour.
You are amphibious.
You can wear up to eight rings at the same time.
((Your skin changes colour to match your surroundings (Stealth+).))
((Your rubbery body absorbs attacks. (AC +1, EV +1)))
((You are camouflaged when in or above water. (Stealth+)))
((You have tentacles for arms and can constrict up to eight enemies at once.))


Message History

You are slowing down.
The cane toad stings you!
You take 5 damage, and have 44/88 hp.
You now have 7/19 mp.
You feel better.
The cane toad stings you but does no damage.
The basilisk bites you! The basilisk completely misses you.
The cane toad stings you!
Your limbs are stiffening.
You take 4 damage, and have 40/88 hp.
You now have 6/19 mp.
The cane toad attacks as you move away! The cane toad barely misses you.
You have turned to stone.
The cane toad stings you but does no damage.
The basilisk gazes at you. You resist with some effort.
The cane toad stings you. The basilisk bites you! The cane toad stings you!
The basilisk gazes at you.
The cane toad stings you but does no damage.
The cane toad barely misses you. The basilisk bites you!
* * * LOW HITPOINT WARNING * * *
Your transformation is almost over.
The cane toad stings you!
* * * LOW HITPOINT WARNING * * *
The basilisk bites you!
* * * LOW HITPOINT WARNING * * *
The cane toad stings you but does no damage.
The basilisk bites you!
* * * LOW HITPOINT WARNING * * *
The cane toad stings you.
* * * LOW HITPOINT WARNING * * *
The basilisk bites you but does no damage.
The cane toad stings you but does no damage.
The basilisk gazes at you. You resist with some effort.
The cane toad stings you!
* * * LOW HITPOINT WARNING * * *
The cane toad stings you.
* * * LOW HITPOINT WARNING * * *
The basilisk bites you!
* * * LOW HITPOINT WARNING * * *
The cane toad stings you!
You die...
Your body crumbles into a pile of gold.

###+.# . ##.....##
#.#...[.#.# ##. #..
.#........# .......
......♣.#.+...♣...#.
#.....#.#.........
#.....l.#....##.#
#...kFY##.....#
###'###.#.#..## $
#.. #).#....# #...
#......# #♣.<
##.....# ...
#....#.# #..♣ ##..##
# ### #....###
##..#..#


You could see a cane toad, a basilisk and a rime drake.

Vanquished Creatures
  Erica (D:8)
  2 catoblepae
  A black mamba (Lair:2)
  Maurice (D:9)
  Psyche (D:9)
  2 unseen horror zombies (D:9)
  3 komodo dragons
  A kobold demonologist (D:9)
  6 blink frogs (Lair:1)
  3 yaks (Lair:2)
  A wyvern (D:9)
  A steam dragon (D:6)
  Grum (D:9)
  A water moccasin (D:8)
  2 sky beasts (D:6)
  2 black bears (D:4)
  An orc warrior (D:9)
  2 ice beasts
  Pargi (Sewer)
  A hornet zombie (Ossuary)
  6 ogres
  4 centaurs
  3 wolves (D:9)
  2 phantoms
  2 kobold brigands
  2 bullfrogs
  5 necrophages
  2 scorpions
  11 wights
  16 killer bees
  An electric eel (D:6)
  8 bullfrog zombies (Ossuary)
  3 centaur zombies (Ossuary)
  A human zombie (D:9)
  6 hounds
  6 jellies
  A gnoll bouda (D:7)
  3 orc priests
  13 mummies
  4 iguanas
  6 orc wizards
  2 killer bee zombies
  7 gnolls
  3 howler monkey zombies
  3 river rats (D:6)
  12 adders
  2 shadow imps
  2 white imps
  2 worms
  4 dart slugs
  30 orcs
  7 bats
  7 endoplasms
  3 giant cockroaches
  8 goblins
  4 hobgoblins (D:2)
  A quokka (D:1)
  4 ball pythons
  2 frilled lizards
  17 kobolds
  3 rats
262 creatures vanquished.

Vanquished Creatures (collateral kills)
  A two-headed ogre (D:9)
1 creature vanquished.

Vanquished Creatures (others)
  A fungus (Lair:2)
  7 plants
  4 withered plants (Ossuary)
12 creatures vanquished.

Grand Total: 275 creatures vanquished

Notes
Turn   | Place    | Note
-------+----------+-------------------------------------------
     0 | D:1      | Dirtsage the Octopode Transmuter began the quest for the
                  | Orb.
     0 | D:1      | Reached XP level 1. HP: 13/13 MP: 3/3
    79 | D:1      | Reached skill level 1 in Ice Magic
    79 | D:1      | Reached XP level 2. HP: 16/18 MP: 5/5
   569 | D:2      | Reached XP level 3. HP: 23/23 MP: 6/6
   633 | D:2      | You fall into a shaft and drop 1 floor!
   953 | D:2      | Reached skill level 3 in Transmutations
  1251 | D:3      | Learned a level 2 spell: Wereblood
  1305 | D:3      | Reached XP level 4. HP: 27/28 MP: 7/7
  1781 | D:3      | Found a faded altar of an unknown god.
  1827 | D:3      | Reached XP level 5. HP: 29/33 MP: 6/8
  1833 | D:3      | Learned a level 4 spell: Ice Form
  1916 | D:4      | Noticed a black bear
  1928 | D:4      | Killed a black bear
  1929 | D:4      | Reached skill level 4 in Transmutations
  1929 | D:4      | Reached XP level 6. HP: 38/38 MP: 9/9
  2172 | D:4      | Noticed a black bear
  2179 | D:4      | Killed a black bear
  2186 | D:4      | Reached skill level 5 in Transmutations
  2221 | D:4      | Identified the +11 bardiche of the Warrior {freeze, rPois
                  | rC+ rN+ rCorr}
  2503 | D:4      | Noticed Menkaure
  2753 | D:5      | Entered Level 5 of the Dungeon
  2753 | D:5      | Noticed an ice beast
  2753 | D:5      | Found Foehur's Overcharged Wands.
  2769 | D:4      | Killed an ice beast
  2770 | D:4      | Reached skill level 5 in Ice Magic
  2770 | D:4      | Reached XP level 7. HP: 43/43 MP: 6/10
  2771 | D:5      | Found a hide-covered altar of Uskayaw.
  3105 | D:5      | Reached skill level 6 in Transmutations
  3607 | D:5      | Found an iron altar of Okawaru.
  3634 | D:5      | Found a hazy altar of Hepliaklqana.
  3636 | D:5      | Found a stormy altar of Qazlal.
  3673 | D:5      | Reached XP level 8. HP: 48/48 MP: 6/11
  4347 | D:6      | Reached skill level 7 in Transmutations
  4372 | D:6      | Found a glowing drain.
  4376 | Sewer    | Entered a sewer
  4532 | Sewer    | Noticed Pargi
  4537 | Sewer    | Killed Pargi
  4752 | D:6      | Found Vokaesed's Weapon Shoppe.
  4871 | D:6      | Reached XP level 9. HP: 30/55 MP: 8/12
  5156 | D:6      | Reached skill level 8 in Transmutations
  5526 | D:6      | Found Zyuvvouc's Antique Armour Shop.
  5626 | D:6      | Found a basalt altar of Yredelemnul.
  5703 | D:6      | Found a runed translucent door.
  5704 | D:6      | Noticed Crazy Yiuf
  5786 | D:6      | Reached skill level 5 in Unarmed Combat
  6036 | D:6      | Found an iron altar of Okawaru.
  6183 | D:6      | Reached skill level 9 in Transmutations
  6369 | D:7      | Found a staircase to the Ecumenical Temple.
  6378 | Temple   | Entered the Ecumenical Temple
  6383 | Temple   | Became a worshipper of Gozag Ym Sagoz the Greedy
  6786 | D:7      | Reached skill level 1 in Air Magic
  6948 | D:7      | Reached XP level 10. HP: 65/65 MP: 8/13
  7468 | D:8      | Found an ancient bone altar of Kikubaaqudgha.
  7473 | D:8      | Found a shimmering blue altar of Sif Muna.
  7474 | D:8      | Found a radiant altar of Vehumet.
  7524 | D:8      | Reached skill level 5 in Fighting
  7683 | D:8      | Noticed Erica
  7722 | D:8      | Killed Erica
  7723 | D:8      | Reached skill level 10 in Transmutations
  7749 | D:8      | Found a staircase to the Lair.
  7826 | D:8      | Found a sand-covered staircase.
  7929 | Ossuary  | Entered an ossuary
  8414 | Ossuary  | Learned a level 3 spell: Tukima's Dance
  8576 | D:8      | Learned a level 3 spell: Ozocubu's Armour
  8828 | D:9      | Noticed a two-headed ogre
  8836 | D:9      | Killed a two-headed ogre
  8837 | D:9      | Reached skill level 1 in Hexes
  9025 | D:9      | Reached XP level 11. HP: 72/72 MP: 13/17
  9044 | D:9      | Noticed Grum
  9060 | D:9      | Killed Grum
  9220 | D:9      | Found a basalt altar of Yredelemnul.
  9471 | D:9      | Reached skill level 5 in Air Magic
  9513 | D:9      | Noticed Psyche
  9594 | D:9      | Killed Psyche
 10023 | D:9      | Found a staircase to the Orcish Mines.
 10133 | D:9      | Noticed Maurice
 10147 | D:9      | Killed Maurice
 10261 | D:9      | Found a bloodstained altar of Trog.
 10261 | D:9      | Found a faded altar of an unknown god.
 10269 | D:9      | Found a shimmering altar of Xom.
 10271 | D:9      | Found a snail-covered altar of Cheibriados.
 10273 | D:9      | Found an ornate altar of the Wu Jian Council.
 10513 | Lair:1   | Entered Level 1 of the Lair of Beasts
 10526 | Lair:1   | Bought a scroll of identify for 30 gold pieces
 10526 | Lair:1   | Bought a scroll of magic mapping for 112 gold pieces
 10667 | Lair:1   | Found a transporter.
 10787 | Lair:1   | Noticed Othiruos's ghost (journeyman DsCj)
 10830 | Lair:1   | Found a transporter.
 10997 | Lair:1   | Reached skill level 5 in Spellcasting
 11144 | Lair:1   | Noticed a catoblepas
 11171 | Lair:1   | Killed a catoblepas
 11172 | Lair:1   | Reached skill level 11 in Transmutations
 11872 | Lair:2   | Noticed a catoblepas
 11901 | Lair:2   | Killed a catoblepas
 12089 | Lair:2   | HP: 3/88 [cane toad (2)]
 12089 | Lair:2   | HP: 1/88 [basilisk (2)]
 12090 | Lair:2   | Slain by a cane toad

Illustrated notes

Levels and vault maps discovered:
D:1:      amcnicky_arrival_single_pillar, layout_rooms, solitary_fountain
D:2:      layout_loops_cross
D:3:      layout_loops_ring, shapermc_ecumenical_altar_mp_vishouse
D:4:      layout_loops_ring, eino_small_chamber_without_monster, minivault_24,
          minmay_bent, uniq_menkaure
D:5:      layout_layer_cave, nicolae_overflow_hidden_temple,
          mainiacjoe_overflow_small_starburst, nicolae_shop_overcharged_wands
D:6:      layout_loops_ring, gup_sewer_entry_spiral, serial_shops, shop_statue,
          nicolae_shop_advertising_works [nicolae_subvault_shop_adworks],
          hangedman_feature_mirror, kennysheep_crisscross, corexii_shack,
          grunt_ministairs_2, uniq_crazy_yiuf_cottage
D:7:      layout_basic, minmay_temple_entry_junction_2, item_on_display_a
D:8:      layout_cave_pools, grunt_temple_overflow_magic_moments,
          david_lair_shrubbed, nicolae_ossuary_entry_ruins,
          kennysheep_minor_cross, uniq_erica
D:9:      layout_loops_corners, chequers_temple_overflow_minitemple,
          lemuel_mausoleum_altar_yredelemnul, david_orc_3, uniq_grum,
          uniq_maurice, uniq_psyche
Temple:   hellmonk_temple_micro_hex
Lair:1:   layout_roguey, nzn_ghost_randoct, nicolae_lair_lil_pond,
          lemuel_fruit_tree
Lair:2:   layout_cave_pods, swamp_mist, guppyfry_snake_entry_island,
          grunt_megastairs_1

Skill      XL: |  1  2  3  4  5  6  7  8  9 10 11 |
---------------+----------------------------------+-----
Ice Magic      | 1 2 3 5 6 7 |  7.0
Transmutations | 3 4 5 6 7 9 10 11 | 11.1
Fighting       | 2 4 5 6 |  6.9
Unarmed Combat | 4 5 6 7 |  7.5
Air Magic      | 1 4 6 |  6.7
Spellcasting   | 4 5 |  5.3
Hexes          | 1 3 |  3.8
Dodging        | |  2.0

Action                   |  1- 3 |  4- 6 |  7- 9 | 10-12 || total
-------------------------+-------+-------+-------+-------++-------
Melee: Unarmed           |    76 |    90 |   278 |   457 ||   901
       Constrict         |    24 |    11 |     2 |       ||    37
       Tentacles         |    18 |    15 |       |       ||    33
       Kick              |     4 |    14 |       |       ||    18
       Punch             |     3 |     4 |       |       ||     7
       Bardiche          |       |     9 |     6 |       ||    15
 Cast: Beastly Appendage |     3 |     8 |       |       ||    11
       Wereblood         |       |     2 |     2 |     3 ||     7
       Ice Form          |       |     1 |    34 |    35 ||    70
       Tukima's Dance    |       |       |       |     2 ||     2
       Ozocubu's Armour  |       |       |       |     2 ||     2
Invok: Call Merchant     |       |       |       |     1 ||     1
Evoke: Wand              |       |       |       |     2 ||     2
       Phial of floods   |       |       |       |     1 ||     1
  Use: Potion            |       |     2 |       |     5 ||     7
       Scroll            |       |       |    10 |     9 ||    19
 Stab: Sleeping          |     6 |     4 |     1 |     1 ||    12
       Petrified         |       |       |       |     3 ||     3
       Distracted        |       |       |       |     1 ||     1
       Petrifying        |       |       |       |     1 ||     1
Armor: Skin              |     1 |    84 |    57 |   128 ||   270
Dodge: Dodged            |    52 |    50 |   170 |   366 ||   638

Table legend: (Time is in decaauts)
 A = Elapsed time spent in this place.
 B = Non-inter-level travel time spent in this place.
 C = Inter-level travel time spent in this place.
 D = Time resting spent in this place.
 E = Time spent auto-exploring this place.
 F = Levels seen in this place.
 G = Mean time per level.
                   A        B        C        D        E       F      G
               +--------+--------+--------+--------+--------+-----+--------+
         Total |  11974 |  11639 |    335 |   1032 |   7632 |  14 |  855.3 |
       Dungeon |   9672 |   9363 |    309 |    586 |   6528 |   9 | 1074.7 |
        Temple |     10 |      6 |      4 |      0 |      0 |   1 |   10.0 |
          Lair |   1564 |   1543 |     21 |    446 |    820 |   2 |  782.0 |
         Sewer |    224 |    224 |      0 |      0 |     71 |   1 |  224.0 |
       Ossuary |    502 |    502 |      0 |      0 |    213 |   1 |  502.0 |
               +--------+--------+--------+--------+--------+-----+--------+

Top non-repeatable levels by time:
     D:6: 1934 daAuts
     D:9: 1616 daAuts
     D:5: 1458 daAuts
  Lair:1: 1215 daAuts
     D:7: 985 daAuts
     D:8: 914 daAuts
     D:4: 854 daAuts
     D:3: 776 daAuts
     D:2: 589 daAuts
     D:1: 542 daAuts
 Ossuary: 502 daAuts
  Lair:2: 348 daAuts
   Sewer: 224 daAuts
  Temple: 10 daAuts
